 Dungeon Crawl Stone Soup version 0.30.0-5-g1a98f26d00 (webtiles) character file.

Game seed: 1916132350318782579

11 buriedalive the Chiller (level 2, -2/15 HPs)
             Began as a Deep Elf Ice Elementalist on May 9, 2023.
             Killed from afar by a dart slug (4 damage)
             ... with a slug dart
             ... on level 1 of the Dungeon.
             The game lasted 00:00:47 (384 turns).

buriedalive the Chiller (Deep Elf Ice Elementalist)  Turns: 384, Time: 00:00:48

Health: -2/15      AC:  2    Str:  5    XL:     2   Next: 17%
Magic:  6/8        EV: 13    Int: 19    God:
Gold:   7          SH:  0    Dex: 15    Spells: 6/7 levels left

rFire   . . .        f - +0 dagger
rCold   . . .        (no shield)
rNeg    . . .        a - +0 robe
rPois   .            (no helmet)
rElec   .            (no cloak)
rCorr   .            (no gloves)
SInv    .            (no boots)
Will    .....        (no amulet)
Stlth   ++           (no ring)
HPRegen 0.22/turn    (no ring)
MPRegen 0.11/turn

%: no passive effects
@: hasted, very quick
A: no striking features
a: no special abilities


You were on level 1 of the Dungeon.
You visited 1 branch of the dungeon, and saw 1 of its levels.

You collected 7 gold pieces.

Inventory:

Hand Weapons
 f - a +0 dagger (weapon)
Missiles
 h - 2 stones
Armour
 a - a +0 robe (worn)
Scrolls
 i - a scroll of torment {unknown}
Potions
 b - a potion of magic
 d - a potion of might {unknown}
 e - a potion of curing {unknown}
 g - 2 potions of attraction {unknown}


   Skills:
 + Level 2.8 Dodging
 - Level 2.4 Stealth
 + Level 3.4 Spellcasting
 + Level 4.6 Ice Magic


You had 6 spell levels left.
You knew the following spells:

 Your Spells              Type           Power      Damage    Failure   Level
a - Freeze                Ice            80%        1d9       2%          1

Your spell library contained the following spells:

 Spells                   Type           Power      Damage    Failure   Level
 Frozen Ramparts          Ice            40%        1d7       7%          3
 Ozocubu's Armour         Ice            20%        N/A       7%          3
 Summon Ice Beast         Ice/Summ       11%        N/A       50%         4


Dungeon Overview and Level Annotations

Branches:
Dungeon (1/15)

Altars:


Message History

No target in view!
No target in view!
No target in view!
Found a robe.
Things that are here:
a +0 club; a goblin corpse A quokka and a dart slug come into view.
Found a spear and a ring mail.
The quokka closely misses you.
You hit the quokka but do no damage. The quokka bites you.
You hit the dart slug but do no damage. The quokka misses you.
The quokka closely misses you. The dart slug closely misses you.
The quokka misses you.
The dart slug bites you but does no damage.
The quokka twitches its whiskers.
The quokka bites you. The quokka attacks as you move away!
The quokka bites you.
* * * LOW HITPOINT WARNING * * *
The quokka attacks as you move away! The quokka barely misses you.
The quokka attacks as you move away! The quokka bites you.
* * * LOW HITPOINT WARNING * * *
Casting: Freeze (safe; 2% risk of failure)
Confirm with . or Enter, or press ? or * to list all spells.
Aiming: Freeze (safe; 2% risk of failure)
Press: ? - help, Shift-Dir - straight line, f - quokka
Aim: a quokka You freeze the quokka.
The quokka is almost dead.
The quokka closely misses you.
Casting: Freeze (safe; 2% risk of failure)
Confirm with . or Enter, or press ? or * to list all spells.
Aiming: Freeze (safe; 2% risk of failure)
Press: ? - help, Shift-Dir - straight line, f/p - quokka
Aim: a quokka (almost dead)
You freeze the quokka.
You kill the quokka!
It was a potion of haste.
You feel yourself speed up. The dart slug launches a dart at you.
The slug dart hits you.
You die...

##......<......#
.############### ## #.# ##
##.## .## #...### # ..##
#.#...# ##### .. ...##
#...#.# #... ..#
....####....######.###...#
....+.[.........@.w.......
....####....######.......#
...## ###.#.## #........#
..## #......# #.)......#
.## #.###).# #..[.....# ##
#.# #..# ##......## ####
#.# #..# ##....## ...#
#.###..# ##.## ...#
#......# ..


You could see a dart slug.

Vanquished Creatures
  A dart slug (D:1)
  2 goblins (D:1)
  A hobgoblin (D:1)
  A kobold (D:1)
  A quokka (D:1)
  A ball python (D:1)
  2 rats (D:1)
9 creatures vanquished.

Notes
Turn   | Place    | Note
-------+----------+-------------------------------------------
     0 | D:1      | buriedalive the Deep Elf Ice Elementalist began the quest
                  | for the Orb.
     0 | D:1      | Reached XP level 1. HP: 10/10 MP: 6/6
   296 | D:1      | Reached XP level 2. HP: 15/15 MP: 5/8
   384 | D:1      | Killed from afar by a dart slug

Illustrated notes

Levels and vault maps discovered:
D:1:      lemuel_arrival_funnel, layout_loops_corners, minmay_misc_feat_hallway

Action                     || total
---------------------------++-------
  Melee: Dagger            ||    10
         Unarmed           ||     7
   Cast: Freeze            ||    11
    Use: Potion            ||     1
 Armour: Robe              ||     2
  Dodge: Dodged            ||    18
